 Dungeon Crawl Stone Soup version 0.25-a0-566-g062765b (webtiles) character file.

Game seed: 4798071716973166823, levelgen mode: deterministic

64227 Ceann the Eclecticist (level 14, -2/76 HPs)
             Began as a Deep Elf Ice Elementalist on Feb 28, 2020.
             Was the Champion of Vehumet.
             Shot with a bolt by an orc knight (7 damage)
             ... on level 2 of the Orcish Mines.
             The game lasted 01:33:00 (19957 turns).

Ceann the Eclecticist (Deep Elf Ice Elementalist)  Turns: 19957, Time: 01:33:00

Health: -2/76      AC: 12    Str:  5    XL:     14   Next: 71%
Magic:  27/39      EV: 12    Int: 29    God:    Vehumet [******]
Gold:   1662       SH:  0    Dex: 18    Spells: 28/52 levels left

rFire    . . .     SeeInvis .   l - +2 dagger (drain)
rCold    + . .     Gourm    .   (no shield)
rNeg     . . .     Faith    +   L - +0 swamp dragon scales
rPois    +         Spirit   .   E - +2 helmet {Int+3}
rElec    .         Reflect  .   U - scarf {repulsion}
rCorr    .         Harm     .   R - +0 pair of fencer's gloves {Riposte Dex+3}
MR       +....                  (no boots)
Stlth    +++.......             y - amulet of faith
HPRegen  0.22/turn              O - ring of protection from cold
MPRegen  0.26/turn              p - ring of wizardry

@: repel missiles
A: no striking features
a: Renounce Religion


You were on level 2 of the Orcish Mines.
You worshipped Vehumet.
Vehumet was exalted by your worship.
You were hungry.

You visited 4 branches of the dungeon, and saw 20 of its levels.
You also visited: Ice Cave.

You collected 1921 gold pieces.
You spent 259 gold pieces at shops.

Inventory:

Hand Weapons
 l - a +2 dagger of draining (weapon)
Armour
 D - the +5 robe of the Guilds {rCorr MP+9 Slay+4}
   (You found it in an ice cave)

   It affects your accuracy and damage with ranged weapons and melee attacks
   (+4).
   It affects your magic capacity (+9).
   It provides partial protection from all sources of acid and corrosion.
   If you switch to wearing this armour, your AC will decrease by 1 (12 -> 11).
 E - a +2 helmet of intelligence (worn)
 L - +0 swamp dragon scales (worn)
 M - the cursed +0 chain mail "Unuwk" {rElec rN++ rCorr Stlth-}
   (You found it on level 9 of the Dungeon)

   It insulates you from electricity.
   It greatly protects you from negative energy.
   It provides partial protection from all sources of acid and corrosion.
   It makes you less stealthy.
   If you switch to wearing this armour, your AC will increase by 2 (12 -> 14).
   It has a curse placed upon it.
 R - the +0 pair of fencer's gloves (worn) {Riposte Dex+3}
   (You found it on level 6 of the Lair of Beasts)

   It affects your dexterity (+3).
   If you remove this armour, your AC will decrease by 1 (12 -> 11).
 U - a scarf of repulsion (worn)
Magical Staves
 m - an uncursed staff of conjuration
Jewellery
 p - a ring of wizardry (right hand)
 s - an uncursed ring of protection from fire
 w - an uncursed amulet of regeneration
 y - an amulet of faith (around neck)
 G - an uncursed amulet of the gourmand
 O - a ring of protection from cold (left hand)
 P - an uncursed ring of wizardry
 V - an uncursed ring of ice {unknown}
 W - the macabre finger necklace {rN+}
   (You found it in an ice cave)

   [amulet of nothing]

   It protects you from negative energy.
Wands
 a - a wand of scattershot (5)
 v - a wand of iceblast (24)
 F - a wand of digging (7)
 H - a wand of acid (9)
 Q - a wand of clouds (12)
Scrolls
 b - 3 scrolls of identify
 g - 6 scrolls of teleportation
 h - 4 scrolls of enchant weapon
 i - a scroll of blinking {unknown}
 k - 4 scrolls of remove curse
 o - 3 scrolls of fog
 r - 4 scrolls of enchant armour
 x - 2 scrolls of immolation
 I - 3 scrolls of torment {unknown}
 J - 3 scrolls of fear
Potions
 e - 5 potions of mutation
 j - 3 potions of haste
 n - 3 potions of brilliance
 q - 3 potions of lignification
 t - 2 potions of berserk rage
 z - 2 potions of might
 A - 2 potions of flight
 K - a potion of stabbing
 S - a potion of magic
 T - 2 potions of curing
Comestibles
 c - 35 rations
 f - 12 chunks of flesh


   Skills:
 * Level 4.4 Fighting
 + Level 5.1 Short Blades
 + Level 4.8 Armour
 + Level 7.1 Dodging
 + Level 6.3 Stealth
 + Level 19.6 Spellcasting
 + Level 2.5 Conjurations
 - Level 6.0 Summonings
 + Level 2.3 Fire Magic
 + Level 16.2 Ice Magic
 + Level 0.6 Air Magic
 + Level 3.8 Poison Magic
 + Level 1.2 Evocations


You had 28 spell levels left.
You knew the following spells:

 Your Spells              Type           Power        Failure   Level  Hunger
a - Airstrike             Air            ####......   5%          4    None
b - Olgreb's Toxic Radia  Pois           ######..     1%          4    None
c - Hailstorm             Conj/Ice       ######..     1%          4    None
d - Sticky Flame          Conj/Fire      #####...     2%          4    None
e - Frozen Ramparts       Ice            ######       0%          3    None
o - Summon Ice Beast      Ice/Summ       #######.     1%          4    None
z - Freeze                Ice            ####         0%          1    None

Your spell library contained the following spells:

 Spells                   Type           Power        Failure   Level  Hunger
 Conjure Ball Lightning   Conj/Air       #####.....   38%         6    None
 Magic Dart               Conj           ####         1%          1    None
 Shock                    Conj/Air       ####         1%          1    None
 Summon Small Mammal      Summ           ####         1%          1    None
 Searing Ray              Conj           #####.       1%          2    None
 Dazzling Flash           Conj/Hex       #####.       1%          3    None
 Ozocubu's Armour         Chrm/Ice       ######..     1%          3    None
 Recall                   Summ/Tloc      N/A          1%          3    None
 Static Discharge         Conj/Air       #####...     1%          3    None
 Animate Skeleton         Necr           N/A          2%          1    None
 Apportation              Tloc           ####..       2%          1    None
 Corona                   Hex            ####...      2%          1    None
 Pain                     Necr           ####         2%          1    None
 Swiftness                Chrm/Air       ####....     3%          2    None
 Fulminant Prism          Conj/Hex       #####.....   4%          4    None
 Iskenderun's Mystic Bla  Conj/Tloc      #####...     4%          4    None
 Aura of Abjuration       Summ           ######....   5%          5    None
 Summon Demon             Summ           ######....   5%          5    None
 Vampiric Draining        Necr           ####......   7%          3    None
 Lightning Bolt           Conj/Air       #####.....   10%         5    None
 Summon Forest            Summ/Tloc      #####.....   17%         5    None
 Summon Mana Viper        Hex/Summ       #####...     17%         5    None
 Animate Dead             Necr           N/A          22%         4    None
 Shadow Creatures         Summ           N/A          28%         6    None
 Agony                    Necr           ####....     50%         5    None


Dungeon Overview and Level Annotations

Branches:
Dungeon (11/15)            Temple (1/1) D:7            Lair (6/6) D:9
 Shoals (0/4) Lair:2        Snake (0/4) Lair:2          Orc (2/2) D:11
    Elf (0/3) Orc:2         IceCv (visited)
  Slime: Lair:5-6

Altars:
Cheibriados
Dithmenos
Elyvilon
Fedhas
Gozag
Hepliaklqana
Kikubaaqudgha
Okawaru
Qazlal
Sif Muna
Trog
Vehumet
Wu Jian
Xom
Zin
The Shining One
Beogh

Shops:
D:5 *   D:7 !   D:9 *   Orc:2 %

Annotations:
Lair:1 exclusion: 2 oklob plants


Message History

The orc knight shoots a bolt.
The bolt hits your ice beast!!
Things that are here:
a +1 halberd of venom; a +0 plate armour; an orc skeleton The orc knight is no longer encased in ice.
The orc knight shoots a bolt.
The bolt hits your ice beast!!
Your ice beast dies!
The orc knight shoots a bolt.
The bolt hits you!!
* * * LOW HITPOINT WARNING * * *
Items here: ( ) [ † a bolt; a +0 trident; a +0 plate armour; an orc corpse
Aiming: Dig
Press: ? - help, Shift-Dir - straight line A rock wall.
The rock shatters into small pieces.
Aiming: Dig
Press: ? - help, Shift-Dir - straight line A rock wall.
The rock shatters into small pieces.
The orc knight shoots a bolt.
The bolt hits you!
You die...

##..###...######
.# #####o...# #.
#.# ##.#..## ###
#.# ##.#####
##.# #.# ##.##
#..# #.# ##.##
###... #.###.##
#.##.. #.#.##
###..... #@##
##....... ###
#........
#.......#
#.......#
##......#
##...... ##.....
#..... ###...


You could see an orc knight.

Vanquished Creatures
  2 orc warlords (Orc:2)
  A frost giant (IceCv)
  An ice dragon (Lair:6)
  Erolcha (D:9)
  Harold (D:9)
  5 hydras
  A death yak (IceCv)
  2 two-headed ogres
  Urug (D:11)
  2 orc high priests
  Nergalle (Lair:3)
  An unseen horror (D:10)
  A lindwurm (Lair:6)
  An orc knight (Orc:2)
  5 orc sorcerers
  The ghost of mistaj the Spear-Bearer, a novice MfGl (D:5)
  A manticore (D:11)
  A black mamba (Lair:1)
  A centaur zombie (D:10)
  11 elephants
  A gargoyle (D:11)
  3 torpor snails
  An ice statue (IceCv)
  9 spiny frogs
  Maggie (D:9)
  4 rime drakes
  A freezing wraith (D:11)
  2 ice devils (D:11)
  7 komodo dragons
  12 polar bears
  2 trolls
  3 tyrant leeches (Lair:6)
  6 hornets (Lair:6)
  7 blink frogs
  7 hippogriffs
  3 wraiths
  2 steam dragons (Lair:6)
  42 yaks
  6 basilisks
  Grum (D:11)
  2 hungry ghosts
  3 wargs
  A vampire mosquito (D:10)
  3 nagas (Lair:2)
  An acid dragon (Lair:6)
  6 water moccasins
  8 porcupines
  An ice beast (D:10)
  3 swamp drakes (Lair:6)
  A black bear (D:6)
  2 sky beasts (D:10)
  24 orc warriors
  9 ogres
  19 wolves
  4 centaurs
  13 crocodiles
  A big kobold (D:10)
  9 bullfrogs
  A wyvern skeleton (D:10)
  5 scorpions
  10 wights
  2 electric eels
  A howler monkey (D:4)
  A jelly (D:10)
  5 crimson imps
  4 bullfrog zombies
  A centaur skeleton (D:5)
  A bullfrog skeleton (D:7)
  14 orc priests
  3 hounds
  An iguana (D:10)
  17 orc wizards
  6 worker ants
  3 hell rats (Lair:5)
  3 hound skeletons
  2 worker ant zombies
  8 adders
  3 gnolls (D:3)
  5 shadow imps
  2 oozes
  4 adder skeletons
  4 worms
  3 dart slugs
  5 leopard geckos
  67 orcs
  A ball python (D:1)
  9 giant cockroaches
  9 goblins
  10 hobgoblins
  11 jackals
  6 quokkas
  7 bats
  3 frilled lizards (D:3)
  11 kobolds
  9 rats
  A fungus (Lair:4)
  A plant (Lair:6)
530 creatures vanquished.

Vanquished Creatures (collateral kills)
  A stone giant (Orc:2)
  Sonja (Lair:1)
  A cyclops (D:11)
  Joseph (D:9)
  5 elephants
  3 torpor snails (Lair:6)
  5 spiny frogs
  2 rime drakes
  2 komodo dragons
  3 polar bears (IceCv)
  A hornet (Lair:6)
  A tyrant leech (Lair:6)
  8 blink frogs
  2 hippogriffs
  12 yaks
  2 basilisks (Lair:4)
  2 wargs (Orc:1)
  5 water moccasins
  A porcupine (Lair:1)
  3 orc warriors
  A phantom (D:11)
  A centaur (D:8)
  An ogre (Orc:1)
  A crocodile (Lair:6)
  8 wolves
  2 bullfrogs
  An electric eel (Lair:6)
  A hound (D:8)
  3 orc priests
  2 orc wizards
  4 hell rats (Lair:5)
  2 adders (D:11)
  4 orcs
  A fungus (Lair:4)
  A plant (Lair:6)
94 creatures vanquished.

Vanquished Creatures (others)
  A wizard (D:3)
  2 wolves (IceCv)
  6 fungi
  15 plants
24 creatures vanquished.

Grand Total: 648 creatures vanquished

Notes
Turn   | Place    | Note
-------+----------+-------------------------------------------
     0 | D:1      | Ceann the Deep Elf Ice Elementalist began the quest for the
                  | Orb.
     0 | D:1      | Reached XP level 1. HP: 10/10 MP: 6/6
   121 | D:1      | Reached XP level 2. HP: 9/15 MP: 0/8
   442 | D:1      | Reached skill level 5 in Ice Magic
   482 | D:1      | Reached XP level 3. HP: 19/19 MP: 3/9
   786 | D:1      | Learned a level 3 spell: Frozen Ramparts
  1598 | D:2      | Reached skill level 4 in Spellcasting
  1928 | D:2      | Reached XP level 4. HP: 18/24 MP: 10/12
  2468 | D:3      | Reached XP level 5. HP: 24/28 MP: 10/14
  2524 | D:3      | Found a glowing golden altar of the Shining One.
  2524 | D:3      | Found a white marble altar of Elyvilon.
  2524 | D:3      | Found an iron altar of Okawaru.
  2525 | D:3      | Found a hazy altar of Hepliaklqana.
  2525 | D:3      | Found a shimmering altar of Xom.
  2525 | D:3      | Found a shimmering blue altar of Sif Muna.
  2525 | D:3      | Found a blossoming altar of Fedhas.
  2568 | D:3      | Reached skill level 5 in Spellcasting
  2589 | D:3      | Found a bloodstained altar of Trog.
  2590 | D:3      | Noticed a wizard
  2819 | D:3      | Killed a wizard
  3443 | D:4      | You fall into a shaft and drop 1 floor!
  3443 | D:5      | Entered Level 5 of the Dungeon
  3471 | D:5      | Found Metuugo's Assorted Antiques.
  3509 | D:5      | Noticed mistaj's ghost (novice MfGl)
  3552 | D:5      | Learned a level 4 spell: Hailstorm
  3561 | D:4      | Reached XP level 6. HP: 32/32 MP: 13/16
  4047 | D:5      | Found a runed translucent gate.
  4047 | D:5      | Found a runed translucent gate.
  4048 | D:5      | Found a runed translucent gate.
  4217 | D:5      | Reached skill level 1 in Short Blades
  4462 | D:5      | Killed mistaj's ghost
  4462 | D:5      | Reached skill level 7 in Spellcasting
  4462 | D:5      | Reached XP level 7. HP: 33/36 MP: 8/19
  4682 | D:6      | Reached XP level 8. HP: 29/41 MP: 15/21
  4835 | D:6      | Reached skill level 8 in Spellcasting
  4894 | D:6      | Found a stormy altar of Qazlal.
  5145 | D:7      | Found Zeafoa's Distillery.
  5168 | D:7      | Bought a potion of degeneration for 14 gold pieces
  5322 | D:5      | Bought a runed helmet for 195 gold pieces
  5363 | D:7      | Reached skill level 9 in Spellcasting
  5426 | D:7      | Learned a level 4 spell: Summon Ice Beast
  5598 | D:7      | Found a staircase to the Ecumenical Temple.
  5621 | Temple   | Entered the Ecumenical Temple
  5649 | Temple   | Became a worshipper of Vehumet
  6023 | D:7      | Reached XP level 9. HP: 22/46 MP: 21/24
  6205 | D:8      | HP: 2/46 [ogre/+0 giant club (16)]
  6233 | D:8      | Reached skill level 10 in Spellcasting
  6264 | D:8      | Reached * piety under Vehumet
  6264 | D:8      | Offered knowledge of Sandblast by Vehumet.
  6265 | D:8      | Reached skill level 10 in Ice Magic
  7092 | D:9      | Noticed Erolcha
  7130 | D:9      | Killed Erolcha
  7130 | D:9      | Reached skill level 1 in Fighting
  7130 | D:9      | Reached skill level 5 in Dodging
  7130 | D:9      | Reached skill level 5 in Stealth
  7130 | D:9      | Reached skill level 11 in Spellcasting
  7130 | D:9      | Reached skill level 1 in Summonings
  7130 | D:9      | Reached skill level 1 in Evocations
  7190 | D:9      | Found a snail-covered altar of Cheibriados.
  7226 | D:9      | Noticed Maggie
  7274 | D:9      | Killed Maggie
  7274 | D:9      | Reached XP level 10. HP: 21/52 MP: 12/27
  7408 | D:9      | Found a staircase to the Lair.
  7470 | D:9      | Got a brightly glowing chain mail
  7480 | D:9      | Identified the cursed +0 chain mail "Unuwk" {rElec rN++
                  | rCorr Stlth-} (You found it on level 9 of the Dungeon)
  7481 | D:9      | You fall into a shaft and drop 1 floor!
  7481 | D:10     | Entered Level 10 of the Dungeon
  7497 | D:9      | Noticed Joseph
  7512 | D:9      | Killed Joseph
  7650 | D:9      | Found Veituim's General Store.
  7658 | D:9      | Bought a potion of heal wounds for 50 gold pieces
  7722 | D:9      | Reached ** piety under Vehumet
  7722 | D:9      | Offered knowledge of Magic Dart by Vehumet.
  7722 | D:9      | Reached skill level 12 in Spellcasting
  7737 | D:9      | Noticed Harold
  7743 | D:9      | HP: 2/52 [yak (2)]
  7805 | D:9      | Killed Harold
  7954 | Lair:1   | Entered Level 1 of the Lair of Beasts
  7971 | Lair:1   | Noticed Sonja
  7987 | Lair:1   | Killed Sonja
  8010 | Lair:1   | Noticed a spiny frog
  8022 | Lair:1   | Killed a spiny frog
  8083 | Lair:1   | Noticed a spiny frog
  8093 | Lair:1   | Killed a spiny frog
  8093 | Lair:1   | Reached skill level 1 in Armour
  8123 | Lair:1   | Noticed a black mamba
  8140 | Lair:1   | Killed a black mamba
  8170 | Lair:1   | Noticed a spiny frog
  8188 | Lair:1   | Killed a spiny frog
  8188 | Lair:1   | Reached skill level 13 in Spellcasting
  8268 | Lair:1   | Reached XP level 11. HP: 52/56 MP: 30/30
  8341 | Lair:1   | Offered knowledge of Searing Ray by Vehumet.
  8436 | Lair:1   | Noticed an oklob plant
  8436 | Lair:1   | Noticed an oklob plant
  8637 | Lair:2   | Found a staircase to the Snake Pit.
  8718 | Lair:2   | Reached *** piety under Vehumet
  8719 | Lair:2   | Reached skill level 14 in Spellcasting
  8792 | Lair:2   | Reached skill level 1 in Conjurations
  8982 | Lair:2   | Found a staircase to the Shoals.
  9056 | Lair:2   | Offered knowledge of Sticky Flame by Vehumet.
  9071 | Lair:2   | Learned a level 4 spell: Sticky Flame
  9214 | Lair:2   | Noticed an eight-headed hydra
  9240 | Lair:2   | Killed an eight-headed hydra
  9240 | Lair:2   | Reached skill level 15 in Spellcasting
  9836 | Lair:3   | Reached XP level 12. HP: 58/62 MP: 29/33
  9852 | Lair:3   | Reached **** piety under Vehumet
 10033 | Lair:3   | Noticed Nergalle
 10058 | Lair:3   | Killed Nergalle
 10058 | Lair:3   | Offered knowledge of Fulminant Prism by Vehumet.
 11209 | Lair:4   | Reached skill level 5 in Summonings
 11216 | Lair:4   | Reached skill level 16 in Spellcasting
 11438 | Lair:4   | Noticed a seven-headed hydra
 11449 | Lair:4   | Killed a seven-headed hydra
 12688 | Lair:6   | Entered Level 6 of the Lair of Beasts
 12714 | Lair:6   | Reached ***** piety under Vehumet
 12722 | Lair:6   | Offered knowledge of Iskenderun's Battlesphere by Vehumet.
 13008 | Lair:6   | Reached XP level 13. HP: 52/68 MP: 17/35
 13285 | Lair:6   | Reached skill level 17 in Spellcasting
 13455 | Lair:6   | Reached skill level 15 in Ice Magic
 13544 | Lair:6   | Found a runed translucent door.
 13771 | Lair:6   | Found the +0 pair of fencer's gloves {Riposte Dex+3}
 14803 | Lair:6   | Reached skill level 1 in Fire Magic
 14890 | Lair:6   | Reached skill level 18 in Spellcasting
 15111 | Lair:6   | Noticed a fire dragon
 16288 | D:10     | Got a jewelled demon whip
 16300 | D:10     | Identified the +2 demon whip "Eluckukh" {freeze, rC- Str+2
                  | Int-4 Dex+7} (You found it on level 10 of the Dungeon)
 16382 | D:10     | Offered knowledge of Olgreb's Toxic Radiance by Vehumet.
 16396 | D:10     | Learned a level 4 spell: Olgreb's Toxic Radiance
 16707 | D:11     | Found a staircase to the Orcish Mines.
 16721 | D:11     | Got a jet-encrusted chain mail
 16804 | D:11     | Noticed Urug
 16816 | D:11     | Killed Urug
 16887 | D:11     | Reached XP level 14. HP: 72/74 MP: 15/38
 16914 | D:11     | Found a frozen archway.
 16923 | IceCv    | Entered an ice cave
 17226 | IceCv    | Got a slimy robe
 17228 | IceCv    | Identified the +5 robe of the Guilds {rCorr MP+9 Slay+4}
                  | (You found it in an ice cave)
 17229 | IceCv    | Identified the +14 chain mail of the Echidna {MP+9} (You
                  | found it on level 11 of the Dungeon)
 17370 | IceCv    | Found the macabre finger necklace {rN+}
 17397 | IceCv    | Reached skill level 5 in Short Blades
 17555 | IceCv    | Reached ****** piety under Vehumet
 17602 | IceCv    | Learned a level 4 spell: Airstrike
 17920 | IceCv    | Noticed a frost giant
 17930 | IceCv    | Offered knowledge of Ozocubu's Refrigeration by Vehumet.
 17945 | IceCv    | Killed a frost giant
 17945 | IceCv    | Reached skill level 1 in Poison Magic
 18453 | D:11     | Noticed Grum
 18463 | D:11     | Killed Grum
 18498 | D:11     | Reached skill level 19 in Spellcasting
 18911 | Orc:1    | Entered Level 1 of the Orcish Mines
 18960 | Orc:1    | Paralysed by an orc sorcerer for 2 turns
 19063 | Orc:1    | Found a roughly hewn altar of Beogh.
 19131 | Orc:1    | Offered knowledge of Conjure Ball Lightning by Vehumet.
 19509 | Orc:2    | Entered Level 2 of the Orcish Mines
 19672 | Orc:2    | Found a staircase to the Elven Halls.
 19680 | Orc:2    | Noticed a stone giant
 19698 | Orc:2    | Killed a stone giant
 19776 | Orc:2    | Found Zeozacak's Food Boutique.
 19824 | Orc:2    | Noticed an orc warlord
 19838 | Orc:2    | Noticed an orc warlord
 19845 | Orc:2    | Killed an orc warlord
 19860 | Orc:2    | Killed an orc warlord
 19944 | Orc:2    | HP: 2/76 [orc knight/bolt (19)]
 19957 | Orc:2    | Shot with a bolt by an orc knight

Levels and vault maps discovered:
D:1:      saegor_arrival_simple_d, layout_basic, minmay_pentomino_u4
D:2:      layout_loops_corners, first_ration, minmay_tripent
D:3:      layout_loops_ring, grunt_temple_overflow_open, trog_wizard
D:4:      layout_layer_cave
D:5:      layout_rooms, serial_shops, shop_statue, gammafunk_ghost_split,
          minmay_misc_feat_plants
D:6:      layout_cave_pools, marbit_many_paths, minmay_circle_x
D:7:      layout_basic, minmay_temple_entry_waves, serial_shops,
          nicolae_shop_competitors_out_of_business
D:8:      layout_cave_pools
D:9:      layout_basic, cheibrodos_worm_habitat, lair_entry_dummy, serial_shops,
          shop, uniq_erolcha, uniq_joseph, uniq_harold, uniq_maggie
D:10:     minmay_the_grid_net [minmay_the_grid_garden,
          minmay_the_grid_outer_circle, minmay_the_grid_stretched_grid,
          minmay_the_grid_gridbox, minmay_the_grid_doors,
          minmay_the_grid_prize_trominoes], layout_layer_cave
D:11:     layout_roguey, david_orc_3, portal_ice_cave_demonic_guard, uniq_grum,
          uniq_urug
Temple:   oiseaux_autumnal_temple
Lair:1:   layout_chaotic_city, lemuel_fruit_fields, grunt_megastairs_3,
          minmay_lair_oklob_chamber, uniq_sonja
Lair:2:   layout_chaotic_city, elwin_shoals_entry_rooms,
          guppyfry_snake_entry_island, st_stairs_3, patterned_corridor
Lair:3:   layout_roguey, beast_lair_carwin_5, uniq_nergalle
Lair:4:   layout_loops_ring, kennysheep_basilisk_garden
Lair:5:   layout_roguey
Lair:6:   wormcave, layout_regular_city, guppyfry_lair_end_dragon,
          slime_altar_1, grunt_megastairs_1, infiniplex_staircase_pool_2,
          serial_bayou_shore_a
Orc:1:    layout_caves, nicolae_orc_flooded_monolith, mines2_david
Orc:2:    grunt_orc_cross, layout_diamond_mine, serial_shops,
          nicolae_shop_statue_plus, nicolae_shop_behind_doors

Skill      XL: |  1  2  3  4  5  6  7  8  9 10 11 12 13 14 |
---------------+-------------------------------------------+-----
Ice Magic      | 5 6 7 9 10 12 13 14 15 16 | 16.2
Stealth        | 3 4 5 6 |  6.3
Spellcasting   | 4 5 7 9 11 13 15 16 18 19 | 19.6
Dodging        | 3 4 5 6 7 |  7.1
Short Blades   | 2 3 4 5 |  5.1
Fighting       | 1 2 3 4 |  4.4
Summonings     | 1 3 4 5 6 |  6.0
Evocations     | 1 |  1.2
Armour         | 1 2 3 4 |  4.8
Conjurations   | 1 2 |  2.5
Fire Magic     | 2 |  2.3
Poison Magic   | 3 |  3.8
Air Magic      | |  0.6

Action                   |  1- 3 |  4- 6 |  7- 9 | 10-12 | 13-15 || total
-------------------------+-------+-------+-------+-------+-------++-------
Melee: Unarmed           |     2 |     1 |       |       |       ||     3
       Dagger            |       |    37 |    60 |   106 |   234 ||   437
 Cast: Freeze            |    61 |    31 |    17 |    19 |     1 ||   129
       Frozen Ramparts   |     5 |    25 |    32 |    76 |   108 ||   246
       Summon Ice Beast  |       |       |     8 |    49 |    76 ||   133
       Hailstorm         |       |       |     3 |    21 |    19 ||    43
       Sticky Flame      |       |       |       |     1 |    51 ||    52
       Olgreb's Toxic Ra |       |       |       |       |    55 ||    55
       Airstrike         |       |       |       |       |    11 ||    11
Evoke: Wand              |       |       |     6 |     1 |     3 ||    10
  Use: Scroll            |       |     7 |     9 |     3 |    10 ||    29
       Potion            |       |       |     6 |     2 |     3 ||    11
 Stab: Sleeping          |       |     2 |     3 |     6 |     5 ||    16
       Distracted        |       |       |       |     2 |     4 ||     6
  Eat: Chunk             |     3 |     7 |     4 |    14 |    21 ||    49
       Ration            |       |     1 |     1 |     1 |       ||     3
Armor: Robe              |    10 |    30 |    33 |       |       ||    73
       Skin              |       |       |    10 |       |       ||    10
       Swamp dragon scal |       |       |       |    68 |   121 ||   189
Dodge: Dodged            |    38 |    46 |    96 |    75 |   154 ||   409
       Deflected         |       |       |       |       |    15 ||    15
       Rpst.: Dagger     |       |       |       |       |    27 ||    27

Table legend:
 A = Non-vault XP
 B = Vault XP
 C = Vault XP percentage of total XP
 D = Non-vault monster count
 E = Vault monster count
 F = Vault count percentage of total count
                 A         B        C        D         E       F
            +---------+---------+-------+---------+---------+-------
      Total |   53737 |   38017 |  41.4 |     430 |     190 |  30.6
            +---------+---------+-------+---------+---------+-------
        D:1 |      41 |       7 |  14.6 |      19 |       4 |  17.4
        D:2 |      46 |       3 |   6.1 |      22 |       2 |   8.3
        D:3 |     113 |       0 |   0.0 |      29 |       0 |   0.0
        D:4 |     172 |       0 |   0.0 |      12 |       0 |   0.0
        D:5 |     160 |     669 |  80.7 |      10 |       4 |  28.6
        D:6 |     378 |     226 |  37.4 |       6 |       7 |  53.8
        D:7 |    1108 |       0 |   0.0 |      22 |       0 |   0.0
        D:8 |    1045 |       0 |   0.0 |      25 |       0 |   0.0
        D:9 |    1602 |    2344 |  59.4 |      16 |       5 |  23.8
       D:10 |    1958 |    3166 |  61.8 |      22 |      22 |  50.0
       D:11 |    3571 |    1908 |  34.8 |      24 |      15 |  38.5
     Lair:1 |    3802 |     576 |  13.2 |      19 |       1 |   5.0
     Lair:2 |    8740 |     764 |   8.0 |      41 |       4 |   8.9
     Lair:3 |    3917 |    2227 |  36.2 |      20 |       8 |  28.6
     Lair:4 |    2765 |     844 |  23.4 |      13 |       5 |  27.8
     Lair:5 |    3656 |       0 |   0.0 |      19 |       0 |   0.0
     Lair:6 |   11067 |   10207 |  48.0 |      32 |      37 |  53.6
      Orc:1 |    3894 |     150 |   3.7 |      46 |       6 |  11.5
      Orc:2 |    5702 |    4361 |  43.3 |      33 |      21 |  38.9
      IceCv |       0 |   10565 | 100.0 |       0 |      49 | 100.0
            +---------+---------+-------+---------+---------+-------
